 Dungeon Crawl Stone Soup version 0.32-a0-630-g46d191b0ed (webtiles) character file.

Game seed: 6372343806550729793

5710 Shayle the Apothecary (level 10, -14/58 (63) HPs)
             Began as a Coglin Alchemist on Mar 6, 2024.
             Was a Believer of Wu Jian.
             Killed from afar by a rime drake (26 damage)
             ... with an icy flash freeze
             ... on level 1 of the Lair of Beasts.
             The game lasted 00:29:02 (9467 turns).

Shayle the Apothecary (Coglin Alchemist)            Turns: 9467, Time: 00:29:03

HP:   -14/58 (63)   AC: 11    Str:  9    XL:     10   Next: 76%
MP:   19/19         EV: 14    Int: 18    God:    Wu Jian [**....]
Gold: 553           SH:  0    Dex: 15    Spells: 13/21 levels left

rFire   . . .        c - +0 war axe (freeze) {Ilshubani}
rCold   . . .        g - +2 whip (pain) {Oskar}
rNeg    . . .        m - +0 leather armour
rPois   .            o - +1 helmet
rElec   .            (no cloak)
rCorr   .            n - +2 pair of gloves
SInv    .            y - +2 pair of boots {rampage}
Will    .....        (amulet unavailable)
Stlth   ++           (ring unavailable)
HPRegen 0.29/turn    (ring unavailable)
MPRegen 0.16/turn    (no gizmo)

%: rampage
@: drained, revved
A: off-hand wielding, slow wielding, warmup strikes, no jewellery
a: Invent Gizmo, Renounce Religion, Wall Jump


You were on level 1 of the Lair of Beasts.
You worshipped Wu Jian.
Wu Jian was pleased with you.
You visited 3 branches of the dungeon, and saw 13 of its levels.

You collected 553 gold pieces.

Inventory:

Hand Weapons
 c - a +0 war axe of freezing (weapon) {Ilshubani}
 f - a +2 dagger of draining
 g - a +2 whip of pain (offhand) {Oskar}
Armour
 a - a +0 robe
 m - a +0 leather armour (worn)
 n - a +2 pair of gloves (worn)
 o - a +1 helmet (worn)
 y - a +2 pair of boots of rampaging (worn)
Wands
 h - a wand of mindburst (11)
 r - a wand of flame (43)
 s - a wand of polymorph (5)
 u - a wand of paralysis (8)
 v - a wand of quicksilver (7)
Scrolls
 e - 3 scrolls of fear
 i - 4 scrolls of revelation
 j - 5 scrolls of teleportation
 k - 2 scrolls of fog
 q - a scroll of immolation
 B - a scroll of identify
Potions
 b - a potion of magic
 d - a potion of attraction
 l - 4 potions of ambrosia
 p - 3 potions of mutation
 t - a potion of brilliance {unknown}
 w - 3 potions of curing
 x - 3 potions of lignification
 z - a potion of heal wounds {unknown}


   Skills:
 + Level 6.7 Dodging
 - Level 1.5 Stealth
 + Level 6.2 Spellcasting
 + Level 6.5 Conjurations
 + Level 6.8 Necromancy
 + Level 3.2 Fire Magic
 - Level 7.3 Alchemy


You had 13 spell levels left.
You knew the following spells:

 Your Spells              Type           Power      Damage    Failure   Level
a - Sting                 Conj/Alch      100%       1d9       1%          1
b - Mephitic Cloud        Conj/Alch/Air  22%        N/A       8%          3
c - Sticky Flame          Fire/Alch      24%        2d6       19%         4

Your spell library contained the following spells:

 Spells                   Type           Power      Damage    Failure   Level
 Sublimation of Blood     Necr           30%        N/A       1%          2
 Foxfire                  Conj/Fire      92%        2x1d8     2%          1
 Fugue of the Fallen      Necr           30%        N/A       3%          3
 Mercury Vapours          Alch/Air       36%        N/A       5%          2
 Olgreb's Toxic Radiance  Alch           31%        N/A       9%          4
 Fulminant Prism          Conj/Alch      15%        3d10      10%         4
 Sandblast                Erth           10%        2d5       17%         1
 Call Imp                 Summ           10%        N/A       26%         2
 Volatile Blastmotes      Fire/Tloc      22%        2d11      26%         3
 Iskenderun's Mystic Bla  Conj/Tloc      17%        2d5       41%         4
 Ozocubu's Armour         Ice            5%         N/A       45%         3
 Tukima's Dance           Hex            5%         N/A       45%         3
 Yara's Violent Unravell  Hex/Alch       9%         3d6       71%         5
 Dimensional Bullseye     Hex/Tloc       2%         N/A       86%         4
 Manifold Assault         Tloc           5%         N/A       86%         4
 Passage of Golubria      Tloc           5%         N/A       86%         4
 Summon Hydra             Summ           2%         N/A       100%        7


Dungeon Overview and Level Annotations

Branches:
Dungeon (11/15)            Temple (1/1) D:7            Lair (1/5) D:10
    Orc: D:9-12

Altars:
Ashenzari
Cheibriados
Dithmenos
Elyvilon
Fedhas
Gozag
Hepliaklqana
Kikubaaqudgha
Makhleb
Nemelex Xobeh
Okawaru
Qazlal
Ru
Sif Muna
Trog
Uskayaw
Vehumet
Wu Jian
Xom
Yredelemnul
Zin
The Shining One

Shops:
D:5 :

Annotations:
D:3 exclusion: statue


Innate Abilities, Weirdness & Mutations

You can wield a second weapon in your off-hand.
It takes a long time for you to wield or remove held weapons.
Your first few attacks do less damage.
You cannot equip rings or amulets.


Message History

The rime drake bites you but does no damage.
You hit the rime drake with your +0 war axe of freezing.
You freeze the rime drake.
The rime drake is moderately wounded.
You hit the wight but do no damage.
You hit the rime drake with your +2 whip of pain.
The wight barely misses you.
The rime drake bites you but does no damage.
The wight hits you with a +4 flail.
You feel drained.
You slash the rime drake with your +0 war axe of freezing!
You freeze the rime drake.
The rime drake is heavily wounded.
You closely miss the wight with your +0 war axe of freezing.
You barely miss the rime drake with your +2 whip of pain.
The rime drake bites you. The wight completely misses you.
The rime drake bites you but does no damage.
You closely miss the rime drake with your +2 whip of pain.
The rime drake is heavily wounded.
You barely miss the rime drake with your +0 war axe of freezing.
You closely miss the wight with your +0 war axe of freezing.
The ice encasing you melts away. The rime drake misses you.
The wight hits you but does no damage.
Unknown command.
You closely miss the rime drake with your +0 war axe of freezing.
The rime drake is heavily wounded.
You hit the wight with your +0 war axe of freezing.
You closely miss the rime drake with your +2 whip of pain.
The rime drake bites you but does no damage.
The wight hits you with a +4 flail. The rime drake misses you.
The wight hits you with a +4 flail.
You feel drained.
You barely miss the rime drake with your +0 war axe of freezing.
The rime drake is heavily wounded.
You closely miss the wight with your +0 war axe of freezing.
You hit the rime drake with your +2 whip of pain.
The rime drake writhes in agony.
The rime drake barely misses you. The wight hits you with a +4 flail!
* * * LOW HITPOINT WARNING * * *
The rime drake breathes ice at you. The icy flash freeze hits you!!
You die...

♣....#. ♣♣.....
♣#♣♣.....####.
♣............. ♣
♣.............
♣.~♣.............
#................
#.......@........
........zk.......
.........<.......
.................
#.....$..........
........>.../....
.................
.................
...............


You could see a rime drake (catching breath) and a wight.

Vanquished Creatures
  Grinder (D:5)
  2 hornets
  A troll (D:9)
  7 yaks
  4 wyverns
  Eustachio (D:4)
  A steam dragon (D:7)
  A water moccasin (D:5)
  2 orc warriors
  An ice beast (D:5)
  2 black bears (D:5)
  3 ogres
  A centaur (D:9)
  A phantom (D:5)
  2 kobold brigands
  Blork the orc (D:6)
  4 bullfrogs
  2 scorpions
  A gnoll sergeant (D:7)
  A wight (D:10)
  3 killer bees (D:9)
  3 howler monkeys
  3 electric eels (D:10)
  5 bombardier beetles
  5 hounds
  2 gnoll boudas
  An orc priest (D:9)
  5 sleepcaps
  2 iguanas
  Ijyb (D:4)
  5 orc wizards
  Robin (D:4)
  9 gnolls
  3 adders
  A shadow imp (D:5)
  4 ufetubi
  2 dart slugs (D:1)
  A ribbon worm (D:4)
  21 orcs
  6 bats
  7 endoplasms
  7 giant cockroaches
  10 goblins
  9 hobgoblins
  5 quokkas
  9 ball pythons
  5 frilled lizards
  4 kobolds
  7 rats
185 creatures vanquished.

Notes
Turn   | Place    | Note
-------+----------+-------------------------------------------
     0 | D:1      | Shayle the Coglin Alchemist began the quest for the Orb.
     0 | D:1      | Reached XP level 1. HP: 13/13 MP: 3/3
    32 | D:1      | Reached skill level 1 in Conjurations
    49 | D:1      | Reached XP level 2. HP: 19/19 MP: 4/4
   461 | D:1      | Reached XP level 3. HP: 24/24 MP: 6/6
  1401 | D:3      | Reached XP level 4. HP: 30/30 MP: 7/7
  1985 | D:3      | Found a radiant altar of Vehumet.
  1985 | D:3      | Noticed a charred statue
  2168 | D:4      | Learned a level 3 spell: Mephitic Cloud
  2183 | D:4      | Noticed Eustachio
  2196 | D:4      | Killed Eustachio
  2197 | D:4      | Reached skill level 1 in Necromancy
  2197 | D:4      | Reached skill level 4 in Alchemy
  2197 | D:4      | Reached XP level 5. HP: 21/35 MP: 5/9
  2337 | D:4      | Reached XP level 6. HP: 33/41 MP: 10/10
  2419 | D:4      | Noticed Robin
  2440 | D:4      | Killed Robin
  2688 | D:4      | Found an ornate altar of the Wu Jian Council.
  2696 | D:4      | Became a worshipper of the Wu Jian Council
  2902 | D:4      | Noticed Ijyb
  2910 | D:4      | Killed Ijyb
  3271 | D:5      | Entered Level 5 of the Dungeon
  3361 | D:5      | Reached XP level 7. HP: 41/46 MP: 11/11
  3445 | D:5      | Identified the ring of Kenk {Str+5 Dex+6}
  3503 | D:5      | Reached skill level 5 in Alchemy
  3609 | D:5      | Noticed Grinder
  3625 | D:5      | Paralysed by Grinder for 3 turns
  3630 | D:5      | Killed Grinder
  3631 | D:5      | Reached XP level 8. HP: 38/52 MP: 13/13
  4282 | D:5      | Found Mieliat's Book Shop.
  4309 | D:5      | Reached skill level 6 in Alchemy
  4606 | D:5      | Reached * piety under Wu Jian
  5001 | D:6      | Reached XP level 9. HP: 57/57 MP: 15/15
  5008 | D:6      | Noticed Blork the orc
  5016 | D:6      | Killed Blork the orc
  5135 | D:6      | Found a snail-covered altar of Cheibriados.
  5211 | D:6      | Reached skill level 5 in Dodging
  5680 | D:7      | Found a white marble altar of Elyvilon.
  6080 | D:7      | Reached skill level 5 in Conjurations
  6080 | D:7      | Reached skill level 5 in Necromancy
  6299 | D:7      | Reached skill level 5 in Spellcasting
  6299 | D:7      | Reached skill level 7 in Alchemy
  6552 | D:7      | Found an iron altar of Okawaru.
  6612 | D:7      | Found a staircase to the Ecumenical Temple.
  6625 | Temple   | Entered the Ecumenical Temple
  6999 | D:7      | Learned a level 4 spell: Sticky Flame
  7068 | D:8      | Got Fosmeowk's Even Learners Can Learn Wizardry!
  7194 | D:8      | Reached ** piety under Wu Jian
  7300 | D:8      | Noticed a hornet
  7315 | D:8      | Killed a hornet
  7316 | D:8      | Reached skill level 1 in Fire Magic
  7316 | D:8      | Reached XP level 10. HP: 56/63 MP: 13/18
  7442 | D:8      | You fall into a shaft and drop 3 floors!
  7450 | D:10     | Entered Level 10 of the Dungeon
  8316 | D:9      | Found a burning altar of Makhleb.
  9335 | D:10     | Found a blossoming altar of Fedhas.
  9357 | D:10     | Found a sparkling altar of Nemelex Xobeh.
  9434 | D:10     | Found a staircase to the Lair.
  9455 | Lair:1   | Entered Level 1 of the Lair of Beasts
  9467 | Lair:1   | Killed from afar by a rime drake

Illustrated notes

Levels and vault maps discovered:
D:1:      lightli_iron_boxes, layout_loops_ring
D:2:      layout_loops_ring
D:3:      layout_rooms, vehumet_statue, grunt_decor_fettered,
          hangedman_decor_peaks_small
D:4:      layout_basic, lemuel_coloured_pillars_altar, serial_glass,
          glass_columns_c, glass_columns_a, kennysheep_generic_room_15,
          uniq_robin, uniq_eustachio, uniq_ijyb
D:5:      layout_basic, serial_shops, nicolae_shop_gibbet_a_chance, uniq_grinder
D:6:      layout_cave_pools, chei_slow_surprise, blue_anna_alchemist,
          small_statue_alley_b, minmay_misc_feat_alley, uniq_blork_the_orc
D:7:      minmay_chambers_of_fours, layout_loops_ring, kennysheep_mini,
          mainiacjoe_overflow_small_starburst, minmay_temple_entry_waves
D:8:      layout_gridville
D:9:      layout_roguey, general_overflow_altar, minivault_1
D:10:     layout_basic, mainiacjoe_overflow_24_doors,
          mainiacjoe_overflow_six_doors_small, uniq_maggie
D:11:     layout_loops_corners, st_stairs_1
Temple:   zaba_magenta_temple
Lair:1:   layout_gridlike, serial_bayou, serial_bayou_ford_a,
          serial_bayou_lake_a, serial_bayou_crossing, serial_bayou_pond_e,
          portal_ice_cave_rime

Skill      XL: |  1  2  3  4  5  6  7  8  9 10 |
---------------+-------------------------------+-----
Conjurations   | 1 2 3 4 5 6 |  6.5
Dodging        | 2 3 4 5 6 |  6.7
Spellcasting   | 2 3 4 5 6 |  6.2
Necromancy     | 1 2 3 4 5 6 |  6.8
Alchemy        | 4 5 6 7 |  7.3
Fire Magic     | 1 3 |  3.2
Stealth        | |  1.5

Action                     |  1- 3 |  4- 6 |  7- 9 | 10-12 || total
---------------------------+-------+-------+-------+-------++-------
  Melee: War axe           |    97 |   117 |   241 |    96 ||   551
         Whip              |     2 |   119 |   251 |    99 ||   471
   Cast: Sting             |     4 |       |       |       ||     4
         Mephitic Cloud    |       |     1 |    12 |    13 ||    26
Ability: Lunge             |       |     2 |    21 |    11 ||    34
         Whirlwind         |       |       |     7 |    11 ||    18
         Wall Jump         |       |       |     2 |     5 ||     7
  Evoke: Wand              |       |       |     1 |    12 ||    13
    Use: Potion            |     4 |     1 |     1 |       ||     6
         Scroll            |       |    10 |     3 |     3 ||    16
   Stab: Sleeping          |     7 |     3 |     6 |     2 ||    18
         Invisible         |     1 |       |       |       ||     1
         Confused          |       |     2 |     9 |    23 ||    34
         Paralysed         |       |       |       |     6 ||     6
 Armour: Robe              |    67 |    64 |    46 |       ||   177
         Skin              |       |     2 |       |       ||     2
         Leather armour    |       |       |   136 |    75 ||   211
  Dodge: Dodged            |   107 |    93 |   197 |    63 ||   460

Table legend: (Time is in decaauts)
 A = Elapsed time spent in this place.
 B = Non-inter-level travel time spent in this place.
 C = Inter-level travel time spent in this place.
 D = Time resting spent in this place.
 E = Time spent auto-exploring this place.
 F = Levels seen in this place.
 G = Mean time per level.
                   A        B        C        D        E       F      G
               +--------+--------+--------+--------+--------+-----+--------+
         Total |   9636 |   9219 |    417 |   2012 |   5014 |  13 |  741.2 |
       Dungeon |   9621 |   9204 |    417 |   2012 |   5014 |  11 |  874.6 |
        Temple |      1 |      1 |      0 |      0 |      0 |   1 |    1.0 |
          Lair |     13 |     13 |      0 |      0 |      0 |   1 |   13.0 |
               +--------+--------+--------+--------+--------+-----+--------+

Top non-repeatable levels by time:
     D:7: 1577 daAuts
     D:5: 1361 daAuts
     D:9: 1241 daAuts
     D:4: 1204 daAuts
     D:6: 927 daAuts
     D:8: 839 daAuts
     D:2: 790 daAuts
     D:1: 739 daAuts
     D:3: 600 daAuts
    D:10: 332 daAuts
  Lair:1: 13 daAuts
    D:11: 7 daAuts
  Temple: 1 daAuts
